 Dungeon Crawl Stone Soup version 0.28.0-45-g0d030f2227 (webtiles) character file.

Game seed: 16237727180534589386

117 protoss039 the Chiller (level 4, -8/24 HPs)
             Began as a Deep Elf Ice Elementalist on Apr 4, 2022.
             Mangled by Sigmund
             ... wielding a +3 vampiric scythe
              (10 damage)
             ... on level 3 of the Dungeon.
             The game lasted 00:04:02 (3451 turns).

protoss039 the Chiller (Deep Elf Ice Elementalist)  Turns: 3451, Time: 00:04:02

Health: -8/24      AC:  2    Str:  5    XL:     4   Next: 71%
Magic:  3/12       EV: 13    Int: 22    God:
Gold:   61         SH:  0    Dex: 15    Spells: 5/12 levels left

rFire   . . .      SeeInvis .   b - +0 short sword
rCold   . . .      Faith    .   (no shield)
rNeg    . . .      Spirit   .   a - +0 robe
rPois   .          Reflect  .   (no helmet)
rElec   .          Harm     .   (no cloak)
rCorr   .          Rampage  .   (no gloves)
Will    .....                   (no boots)
Stlth   ++........              (no amulet)
HPRegen 0.08/turn               (no ring)
MPRegen 0.13/turn               (no ring)

@: freezing walls
A: no striking features
a: no special abilities


You were on level 3 of the Dungeon.
You visited 1 branch of the dungeon, and saw 3 of its levels.

You collected 61 gold pieces.

Inventory:

Hand Weapons
 b - a +0 short sword (weapon)
Armour
 a - a +0 robe (worn)
Jewellery
 g - a ring of protection from fire
 h - a ring of fire
Scrolls
 e - 2 scrolls of amnesia {unknown}
 i - a scroll of torment {unknown}
 j - a scroll of holy word {unknown}
 k - a scroll of fog {unknown}
Potions
 c - a potion of degeneration {unknown}
 d - a potion of haste {unknown}
 f - a potion of heal wounds


   Skills:
 - Level 3.0 Dodging
 - Level 3.0 Stealth
 + Level 4.7 Spellcasting
 + Level 5.5 Ice Magic


You had 5 spell levels left.
You knew the following spells:

 Your Spells              Type           Power      Damage    Failure   Level
a - Freeze                Ice            100%       1d11      1%          1
b - Frozen Ramparts       Ice            58%        1d7       3%          3
c - Ozocubu's Armour      Ice            29%        N/A       3%          3

Your spell library contained the following spells:

 Spells                   Type           Power      Damage    Failure   Level
 Sublimation of Blood     Necr           5%         N/A       16%         2
 Gell's Gravitas          Tloc           5%         N/A       30%         3
 Ignite Poison            Fire/Tmut/Pois 5%         N/A       30%         3
 Mephitic Cloud           Conj/Pois/Air  5%         N/A       30%         3
 Teleport Other           Tloc           5%         N/A       30%         3
 Hailstorm                Conj/Ice       17%        3d6       32%         4
 Petrify                  Tmut/Erth      5%         N/A       71%         4
 Freezing Cloud           Conj/Ice/Air   6%         6-21      80%         5
 Irradiate                Conj/Tmut      2%         3d14      96%         5
 Dispersal                Tloc           2%         N/A       100%        6


Dungeon Overview and Level Annotations

Branches:
Dungeon (3/15)

Altars:

Annotations:
D:3 Sigmund


Message History

Press: ? - help, Dir - look around, f - activate The walls around you are covered in ice.
The wall freezes something.
Something hits you.
Unknown command.
Unknown command.
The wall freezes something.
Something hits you but does no damage.
Unknown command.
Unknown command.
You feel less wooden.
Your +0 robe unmelds from your body.
Unknown command.
Unknown command.
Casting: Frozen Ramparts (quite dangerous; 3% risk of failure)
Confirm with . or Enter, or press ? or * to list all spells.
The spell is quite dangerous to miscast (3% risk of failure)!
Continue anyway?
Okay, then.
Unknown command.
Unknown command.
Unknown command.
Unknown command.
The wall freezes something.
Something hits you!
Ouch! That really hurt!
* * * LOW HITPOINT WARNING * * *
Unknown command.
Unknown command.
Your icy armour and frozen ramparts will break if you move.
Continue?
Okay, then.
Your icy armour and frozen ramparts will break if you move.
Continue?
Your icy armour cracks and falls away as you move.
The frozen ramparts melt away as you move.
An adder comes into view.
Casting: Ozocubu's Armour (quite dangerous; 3% risk of failure)
Confirm with . or Enter, or press ? or * to list all spells.
The spell is quite dangerous to miscast (3% risk of failure)!
Continue anyway?
Casting: Frozen Ramparts (quite dangerous; 3% risk of failure)
Press: ? - help, Dir - look around, f - activate The walls around you are covered in ice.
The adder hisses angrily.
The wall freezes something.
Something hits you!
You die...

. .# #. .# #.##.#####.
#.......... #.# #.## #.#
#...# #)# #...# # #.#
#...#
....###@#########...####
#...S$...##..)........
.....$........<.........
#######..#.##...........
#.#..####.#....###
#..#.# #.#....# #.##.#
#.#....# +(...# #.#....#
+.#### #.##.#.#..


You could see an adder.

Vanquished Creatures
  Jessica (D:3)
  Ijyb (D:3)
  2 adders (D:2)
  3 dart slugs
  5 ball pythons
  3 bats
  4 endoplasms
  2 giant cockroaches
  3 goblins (D:2)
  8 hobgoblins
  A quokka (D:1)
  3 frilled lizards (D:1)
  3 kobolds
  3 rats
42 creatures vanquished.

Notes
Turn   | Place    | Note
-------+----------+-------------------------------------------
     0 | D:1      | protoss039 the Deep Elf Ice Elementalist began the quest
                  | for the Orb.
     0 | D:1      | Reached XP level 1. HP: 10/10 MP: 6/6
   420 | D:1      | Reached XP level 2. HP: 15/15 MP: 5/8
  1789 | D:1      | Found a faded altar of an unknown god.
  1998 | D:2      | Reached XP level 3. HP: 19/19 MP: 9/9
  2002 | D:2      | Learned a level 3 spell: Frozen Ramparts
  2040 | D:2      | Reached skill level 5 in Ice Magic
  3309 | D:2      | Learned a level 3 spell: Ozocubu's Armour
  3310 | D:3      | Noticed Jessica
  3313 | D:3      | Killed Jessica
  3314 | D:3      | Reached XP level 4. HP: 18/24 MP: 10/12
  3415 | D:3      | Noticed Ijyb
  3419 | D:3      | Noticed Sigmund
  3434 | D:3      | Killed Ijyb
  3451 | D:3      | Mangled by Sigmund

Illustrated notes

Levels and vault maps discovered:
D:1:      heliophobic_arrival_enchanted_forest, layout_basic,
          shapermc_ecumenical_altar_totnotflames
D:2:      wad_crossroads, layout_basic
D:3:      layout_loops_cross, portal_sewer_entry_d, kennysheep_generic_room_7,
          uniq_ijyb, uniq_jessica, uniq_robin, uniq_terence, uniq_sigmund

Skill      XL: |  1  2  3 |
---------------+----------+-----
Stealth        | 3 |  3.0
Ice Magic      | 5 |  5.5
Dodging        | 3 |  3.0
Spellcasting   | 4 |  4.7

Action                   |  1- 3 |  4- 6 || total
-------------------------+-------+-------++-------
Melee: Short sword       |    54 |     6 ||    60
       Unarmed           |     1 |       ||     1
       Punch             |     2 |       ||     2
 Cast: Freeze            |    43 |       ||    43
       Frozen Ramparts   |     1 |     3 ||     4
       Ozocubu's Armour  |       |     1 ||     1
  Use: Potion            |       |     1 ||     1
 Stab: Sleeping          |     7 |     2 ||     9
       Distracted        |     1 |       ||     1
Armor: Robe              |    19 |       ||    19
       Skin              |       |    11 ||    11
Dodge: Dodged            |    67 |     1 ||    68
